 Dungeon Crawl Stone Soup version 0.30-a0-777-ga9a30cbeda (webtiles) character file.

Game seed: 11803475953874539063

280 testman the Trooper (level 6, -4/47 HPs)
             Began as a Djinni Warper on Feb 13, 2023.
             Slain by Menkaure (22 damage)
             ... on level 4 of the Dungeon.
             The game lasted 00:10:13 (2858 turns).

testman the Trooper (Djinni Warper)                 Turns: 2858, Time: 00:10:13

Health: -4/47      AC:  3    Str: 10    XL:     6   Next: 52%
Gold:   230        EV: 11    Int: 17    God:
                   SH:  0    Dex: 12

rFire   + + .      SeeInvis .    q - +2 dagger (freeze)
rCold   x . .      Faith    .    (no shield)
rNeg    . . .      Spirit   .    b - +0 leather armour
rPois   ∞          Reflect  .    (no helmet)
rElec   .          Harm     .    (no cloak)
rCorr   .          Rampage  .    (no gloves)
Will    .....                    (boots unavailable)
Stlth   +                        (no amulet)
HPRegen 0.27/turn                (no ring)
MPRegen 0.00/turn                (no ring)

@: flying, very slightly contaminated
A: sickness immunity, fire resistance 2, cold vulnerability 1, float, innate
caster, HP casting, extra vitality 1
a: no special abilities


You were on level 4 of the Dungeon.
You visited 1 branch of the dungeon, and saw 4 of its levels.

You collected 230 gold pieces.

Inventory:

Hand Weapons
 a - a +0 falchion
 q - a +2 dagger of freezing (weapon)
Missiles
 d - 7 boomerangs of dispersal
 m - 5 atropa-tipped darts
Armour
 b - a +0 leather armour (worn)
Wands
 n - a wand of paralysis (11)
Scrolls
 c - 2 scrolls of blinking
 g - a scroll of vulnerability {unknown}
 i - a scroll of silence {unknown}
 j - a scroll of teleportation {unknown}
 k - 5 scrolls of identify {unknown}
 l - 2 scrolls of fear {unknown}
 o - a scroll of enchant armour {unknown}
Potions
 e - 2 potions of degeneration {unknown}
 f - 3 potions of haste {unknown}
 h - 2 potions of flight {unknown}
 p - a potion of brilliance {unknown}
 r - a potion of heal wounds {unknown}


   Skills:
 + Level 4.0 Fighting
 + Level 3.6 Long Blades
 - Level 0.7 Throwing
 - Level 1.0 Armour
 - Level 2.1 Dodging
 + Level 3.5 Spellcasting


You couldn't memorise any spells.
You knew the following spells:

 Your Spells              Type           Power      Damage    Failure   Level
a - Blink                 Tloc           30%        N/A       8%          2
b - Lesser Beckoning      Tloc           30%        N/A       8%          2
c - Vhi's Electric Charg  Tloc/Air       30%        N/A       16%         3
d - Teleport Other        Tloc           15%        N/A       16%         3
e - Manifold Assault      Tloc           15%        N/A       45%         4
f - Foxfire               Conj/Fire      60%        2x1d7     5%          1
g - Scorch                Fire           30%        2d7       8%          2
Your spell library was empty.

Dungeon Overview and Level Annotations

Branches:
Dungeon (4/15)
 Temple: D:4-7

Altars:
Gozag
Okawaru

Annotations:
D:4 Menkaure


Innate Abilities, Weirdness & Mutations

You are immune to sickness and miasma.
You are immune to poison.
Your flesh is very heat resistant. (rF++)
You are vulnerable to cold. (rC-)
You float through the air rather than walking.
You learn spells naturally, not from books.
Your magical power is your life essence.
You have superior vitality. (+4 MHP)


Message History

The orc is heavily wounded.
The foxfire hits the orc.
The orc is almost dead.
Casting: Foxfire (safe; 5% risk of failure)
Press: ? - help, Q - select action, (/) - cycle Dir - look around, f - activate You conjure some foxfire!
The foxfire hits the orc.
You kill the orc!
Press: ? - help, v - describe, . - travel The floor.
You can't see any item there.
Unknown command.
Unknown command.
Casting: Foxfire (safe; 5% risk of failure)
Confirm with . or Enter, or press ? or * to list all spells.
Flames lash Menkaure.
Menkaure is burned terribly!
Menkaure is heavily damaged.
Menkaure's fire resistance burns away.
The foxfire hits Menkaure but does no damage.
Menkaure is heavily damaged.
Casting: Foxfire (safe; 5% risk of failure)
Press: ? - help, Q - select action, (/) - cycle Dir - look around, f - activate You conjure some foxfire!
Menkaure casts a spell.
Menkaure seems to speed up.
Casting: Foxfire (safe; 5% risk of failure)
Confirm with . or Enter, or press ? or * to list all spells.
You miscast Scorch.
You are very lightly contaminated with residual magic.
Nothing appears to happen.
The foxfire hits Menkaure but does no damage.
Menkaure is heavily damaged.
The foxfire hits Menkaure.
Menkaure is burned terribly!
Menkaure is severely damaged.
Casting: Scorch (safe; 8% risk of failure)
Confirm with . or Enter, or press ? or * to list all spells.
Flames lash Menkaure.
Menkaure is severely damaged.
Menkaure hits you!!
You die...

##.########.##. #.# #.##.
#.# #.##. ##'## #.##.
##...## #.##. ##.....##
#..<. # ##.......## ##.#.
#...####§§.......####....
.......M@........'.......
....####§........####....
. ##.......## #....
##.....## #.##. ##...##
#.#.. ##'## #.... #.#
#.#.# #.# #.#.. ##.##
#.#.#


You could see Menkaure (fast, combustible).

Vanquished Creatures
  A scorpion (D:4)
  An iguana (D:4)
  7 gnolls
  3 adders
  4 worms
  2 dart slugs
  An orc (D:4)
  8 ball pythons
  5 bats
  8 endoplasms
  3 giant cockroaches
  5 goblins
  7 hobgoblins
  2 jackals (D:1)
  4 quokkas
  3 frilled lizards
  10 kobolds
  10 rats
84 creatures vanquished.

Vanquished Creatures (others)
  127 foxfires
127 creatures vanquished.

Grand Total: 211 creatures vanquished

Notes
Turn   | Place    | Note
-------+----------+-------------------------------------------
     0 | D:1      | testman the Djinni Warper began the quest for the Orb.
     0 | D:1      | testman set off with the following spells memorised: Blink,
                  | Lesser Beckoning, Vhi's Electric Charge, Teleport Other,
                  | Manifold Assault.
     0 | D:1      | Reached XP level 1. HP: 18/18 MP: 0/0
    64 | D:1      | Reached XP level 2. HP: 4/23 MP: 0/0
   441 | D:1      | Reached XP level 3. HP: 29/29 MP: 0/0
   441 | D:1      | Learned a level 1 spell: Foxfire
   892 | D:2      | Reached XP level 4. HP: 30/34 MP: 0/0
  1134 | D:2      | Reached skill level 3 in Fighting
  1325 | D:2      | Reached XP level 5. HP: 31/40 MP: 0/0
  1325 | D:2      | Learned a level 2 spell: Scorch
  1616 | D:3      | Found an iron altar of Okawaru.
  2210 | D:4      | Reached XP level 6. HP: 39/47 MP: 0/0
  2448 | D:4      | Found an opulent altar of Gozag.
  2648 | D:4      | Reached skill level 4 in Fighting
  2844 | D:4      | Noticed Menkaure
  2858 | D:4      | Slain by Menkaure

Illustrated notes

Levels and vault maps discovered:
D:1:      wander_arrival_lonely_grave, layout_basic, st_stairs_8
D:2:      layout_rooms, serial_glass, glass_columns_b, glass_columns_a,
          minmay_close_crescents
D:3:      layout_basic, lemuel_crystal_altar
D:4:      layout_loops_corners, mainiacjoe_overflow_chevrons, uniq_menkaure

Skill      XL: |  1  2  3  4  5  6 |
---------------+-------------------+-----
Long Blades    | 2 3 |  3.6
Fighting       | 3 4 |  4.0
Spellcasting   | 3 |  3.5
Throwing       | |  0.7
Armour         | |  1.0
Dodging        | |  2.1

Action                     |  1- 3 |  4- 6 || total
---------------------------+-------+-------++-------
  Melee: Falchion          |    72 |    30 ||   102
         Dagger            |       |     1 ||     1
   Cast: Blink             |     1 |       ||     1
         Foxfire           |    26 |    48 ||    74
         Scorch            |       |    26 ||    26
 Armour: Leather armour    |    35 |    11 ||    46
  Dodge: Dodged            |    58 |    25 ||    83

Table legend: (Time is in decaauts)
 A = Elapsed time spent in this place.
 B = Non-inter-level travel time spent in this place.
 C = Inter-level travel time spent in this place.
 D = Time resting spent in this place.
 E = Time spent auto-exploring this place.
 F = Levels seen in this place.
 G = Mean time per level.
                   A        B        C        D        E       F      G
               +--------+--------+--------+--------+--------+-----+--------+
         Total |   2875 |   2825 |     50 |      3 |   2272 |   4 |  718.8 |
       Dungeon |   2875 |   2825 |     50 |      3 |   2272 |   4 |  718.8 |
               +--------+--------+--------+--------+--------+-----+--------+

Top non-repeatable levels by time:
     D:4: 857 daAuts
     D:1: 791 daAuts
     D:2: 646 daAuts
     D:3: 580 daAuts
